AoeStats
← Adrianca019

Arabia

507900096Analyzed
4v4 RM · 12d ago on Sep 20, 2026· 48m 6s· 8 players
Game mode
Random Map
Map size
Large (8 player)
Population
200
Speed
Normal
Resources
Standard
Victory
Conquest
Starting age
Dark Age
Ending age
Imperial Age
RankedLock teamsTeams togetherTeam positionsShared explorationLock speedFull tech treeHidden civsTurbo modeCheats
Victory
Defeat
🇯🇵 Maya · Japan
812
+16
🇲🇽 Mapuche · Mexico
798
+16
🇦🇷 Spanish · Argentina
797
+16
🇮🇳 Armenians · India
786
+17
🇲🇽 Bohemians · Mexico
866
-19
🇲🇽 Huns · Mexico
799
-16
🇲🇽 Turks · Mexico
790
-16
🇲🇽 Poles · Mexico
745
-14
Shido Khan
1:32 Loom
10:51 Feudal Age
17:54 Castle Age
16:27 Horse Collar
16:33 Double-Bit Axe
16:28 Horse Collar
16:33 Double-Bit Axe
16:39 Double-Bit Axe
16:58 Champi Runner
17:57 Scale Mail Armor
23:26 Champi Warrior
24:22 Chain Mail Armor
26:55 Wheelbarrow
26:22 Heavy Plow
26:32 Bow Saw
27:12 Fletching
35:45 Imperial Age
33:46 Bodkin Arrow
33:51 Padded Archer Armor
35:22 Leather Archer Armor
36:58 Hand Cart
38:35 Caravan
39:40 Elite Bolas Rider
41:11 Ring Archer Armor
41:06 Ballistics
42:00 Chemistry
41:16 Gold Mining
41:16 Stone Mining
41:16 Gold Mining
41:16 Stone Mining
43:18 Forging
44:07 Pikeman
45:26 Iron Casting
47:15 Blast Furnace
46:45 Plate Mail Armor
45:44 Capped Ram
46:48 Halberdier
48:05 Crop Rotation
47:45 Bow Saw
findsarfaraz
1:47 Loom
12:57 Feudal Age
13:45 Double-Bit Axe
13:52 Gold Mining
15:21 Horse Collar
19:22 Castle Age
17:49 Man-at-Arms
20:50 Bow Saw
21:26 Scale Mail Armor
22:24 Squires
23:36 Forging
23:45 Gambesons
23:22 Long Swordsman
24:32 Two-Handed Swordsman
25:55 Heavy Plow
26:22 Padded Archer Armor
26:13 Fletching
28:03 Elite Skirmisher
30:35 Leather Archer Armor
33:34 Bodkin Arrow
34:17 Wheelbarrow
34:33 Fervor
39:08 Imperial Age
37:49 Hand Cart
38:06 Ballistics
37:10 Pikeman
40:35 Ring Archer Armor
40:06 Bracer
41:08 Chemistry
39:39 Halberdier
42:08 Conscription
41:54 Fereters
43:58 Chain Mail Armor
44:19 Iron Casting
43:06 Champion
44:52 Arson
45:55 Plate Mail Armor
47:46 Murder Holes
48:02 Fortified Wall
48:07 Heated Shot
48:28 Masonry
しこっぴ
0:28 Loom
12:52 Feudal Age
12:54 Man-at-Arms
13:20 Arson
13:23 Town Watch
13:26 Double-Bit Axe
14:59 Fletching
16:17 Forging
16:08 Padded Archer Armor
25:00 Castle Age
23:30 Horse Collar
23:44 Stone Mining
24:06 Gold Mining
25:05 Crossbowman
25:50 Thumb Ring
27:11 Bodkin Arrow
28:12 Ballistics
27:48 Murder Holes
32:03 Wheelbarrow
32:00 Sanctity
31:51 Fervor
33:28 Bow Saw
34:56 Heavy Plow
39:09 Imperial Age
38:33 Leather Archer Armor
38:39 Caravan
39:19 Masonry
39:53 Stone Shaft Mining
40:15 Conscription
40:55 Crop Rotation
41:30 Two-Man Saw
43:17 Hoardings
43:16 Architecture
42:49 Bracer
43:25 Town Patrol
45:09 Squires
44:30 Eagle Warrior
46:20 Chemistry
45:53 Ring Archer Armor
45:24 Scale Mail Armor
46:00 Iron Casting
46:15 Elite Eagle Warrior
47:54 Holcans
Adrianca019
12:36 Feudal Age
13:13 Double-Bit Axe
15:21 Horse Collar
20:28 Castle Age
18:41 Stone Mining
20:27 Gold Mining
20:53 Scale Barding Armor
21:01 Bloodlines
22:04 Bow Saw
26:10 Heavy Plow
27:05 Loom
28:30 Chain Barding Armor
29:03 Gambesons
30:31 Husbandry
34:34 Imperial Age
32:45 Wheelbarrow
33:30 Stone Shaft Mining
32:58 Squires
32:44 Arson
33:56 Hand Cart
35:36 Elite Conquistador
36:37 Conscription
37:31 Chemistry
36:44 Masonry
37:57 Plate Barding Armor
37:26 Caravan
37:16 Town Watch
41:36 Cavalier
44:41 Paladin
eber95.nc
0:34 Loom
11:54 Feudal Age
17:45 Castle Age
16:44 Double-Bit Axe
17:26 Horse Collar
18:53 Bow Saw
18:54 Caravan
21:59 Wheelbarrow
27:07 Heavy Plow
28:24 Chemistry
34:01 Imperial Age
31:54 Scale Mail Armor
34:35 Wagenburg Tactics
35:29 Chain Mail Armor
35:25 Forging
36:48 Plate Mail Armor
36:09 Fletching
38:33 Hand Cart
38:53 Bodkin Arrow
39:30 Ballistics
39:27 Houfnice
41:44 Two-Man Saw
40:58 Elite Skirmisher
41:47 Bracer
42:04 Masonry
44:00 Town Watch
46:12 Man-at-Arms
46:58 Elite Hussite Wagon
pulga92000
12:49 Feudal Age
20:52 Castle Age
43:27 Padded Archer Armor
43:18 Fletching
hector_1718
10:31 Feudal Age
11:27 Loom
17:04 Double-Bit Axe
19:53 Castle Age
18:46 Fletching
19:04 Padded Archer Armor
22:54 Leather Archer Armor
25:57 Bodkin Arrow
29:56 Man-at-Arms
36:29 Forging
36:19 Scale Mail Armor
40:30 Imperial Age
Chakal09
0:37 Loom
15:05 Feudal Age
40:35 Double-Bit Axe
45:46 Wheelbarrow
44:36 Man-at-Arms
45:42 Horse Collar
Connection lost

Rejoining the realm…

Still unreachable

The connection could not be restored.

Session expired

The server has moved on; the page needs a fresh start.